 Dungeon Crawl Stone Soup version 0.29.1-1-gd02db6906a (webtiles) character file.

Game seed: 4746060103999549971

1335 ImASeal the Magician (level 8, -3/51 HPs)
             Began as a Djinni Fire Elementalist on Oct 4, 2022.
             Was an Initiate of Makhleb.
             Killed by divine providence
             ... invoked by an orc priest
              (12 damage)
             ... on level 6 of the Dungeon.
             The game lasted 00:18:29 (7649 turns).

ImASeal the Magician (Djinni Fire Elementalist)     Turns: 7649, Time: 00:18:30

Health: -3/51      AC:  6    Str:  7    XL:     8   Next: 92%
Gold:   302        EV: 13    Int: 19    God:    Makhleb [......] SH:  0 Dex: 14

rFire   + + +      SeeInvis .   d - +0 quarterstaff
rCold   x . .      Faith    .   (shield currently unavailable)
rNeg    . . .      Spirit   .   a - +0 robe
rPois   ∞          Reflect  .   m - +0 hat
rElec   .          Harm     .   G - +0 cloak
rCorr   .          Rampage  .   f - +2 pair of gloves
Will    .....                   (boots unavailable)
Stlth   ++........              A - amulet of the acrobat
HPRegen 0.17/turn               r - ring of protection from fire
MPRegen 0.00/turn               (no ring)

@: flying
A: sickness immunity, fire resistance 2, cold vulnerability 1, float, innate
caster, HP casting, extra vitality 1
a: Renounce Religion


You were on level 6 of the Dungeon.
You worshipped Makhleb.
Makhleb was noncommittal.
You visited 2 branches of the dungeon, and saw 7 of its levels.
You also visited: Sewer.

You collected 302 gold pieces.

Inventory:

Hand Weapons
 c - a +1 dagger of venom
 d - a +0 quarterstaff (weapon)
Missiles
 n - 16 poisoned darts
 o - 2 boomerangs
 u - 41 stones (quivered)
 E - 6 atropa-tipped darts
Armour
 a - a +0 robe (worn)
 f - a +2 pair of gloves (worn)
 m - a +0 hat (worn)
 G - a +0 cloak (worn)
Jewellery
 r - a ring of protection from fire (left hand)
 A - an amulet of the acrobat (around neck)
Wands
 F - a wand of light (6)
Scrolls
 b - a scroll of poison {unknown}
 e - 3 scrolls of amnesia {unknown}
 g - a scroll of identify
 h - a scroll of noise {unknown}
 j - 4 scrolls of teleportation {unknown}
 p - a scroll of immolation
 t - a scroll of brand weapon
 v - a scroll of acquirement
 w - 3 scrolls of fear {unknown}
 x - a scroll of summoning
 y - a scroll of magic mapping
 z - a scroll of blinking {unknown}
 B - 2 scrolls of enchant weapon {unknown}
Potions
 i - a potion of degeneration {unknown}
 k - a potion of might
 l - 4 potions of curing {unknown}
 q - a potion of mutation
 s - a potion of lignification {unknown}
 C - a potion of ambrosia {unknown}
 D - a potion of magic {unknown}


   Skills:
 + Level 0.4 Fighting
 + Level 0.7 Throwing
 + Level 3.0 Dodging
 + Level 3.1 Stealth
 + Level 7.6 Spellcasting


You had 3 spell levels left.
You knew the following spells:

 Your Spells              Type           Power      Damage    Failure   Level
a - Foxfire               Conj/Fire      100%       2x1d9     1%          1
b - Scorch                Fire           72%        2d9       1%          2
c - Conjure Flame         Conj/Fire      36%        6-21      1%          3
d - Inner Flame           Hex/Fire       36%        N/A       1%          3
e - Flame Wave            Conj/Fire      36%        2d10      4%          4
f - Magic Dart            Conj           100%       1d8       1%          1
g - Static Discharge      Conj/Air       36%        3-8/arc   1%          2
h - Confusing Touch       Hex            36%        N/A       1%          3
Your spell library was empty.

Dungeon Overview and Level Annotations

Branches:
Dungeon (6/15)             Temple (1/1) D:5           Sewer (visited)

Altars:
Cheibriados
Fedhas
Gozag
Makhleb
Nemelex Xobeh
Qazlal
Ru
Uskayaw
Wu Jian
Xom
Zin
The Shining One
Lugonu


Innate Abilities, Weirdness & Mutations

You are immune to sickness and miasma.
You are immune to poison.
Your flesh is very heat resistant. (rF++)
You are vulnerable to cold. (rC-)
You float through the air rather than walking.
You learn spells naturally, not from books.
Your magical power is your life essence.
You have superior vitality. (+4 MHP)


Message History

Confirm with . or Enter, or press ? or * to list all spells.
You conjure some foxfire!
The foxfire hits the ufetubus.
The ufetubus is burned terribly!
The ufetubus is heavily wounded.
Casting: Foxfire (safe; 1% risk of failure)
Confirm with . or Enter, or press ? or * to list all spells.
You conjure some foxfire!
Casting: Foxfire (safe; 1% risk of failure)
Confirm with . or Enter, or press ? or * to list all spells.
Flames lash the ufetubus.
The ufetubus is burned terribly!
You kill the ufetubus!
Makhleb accepts your kill.
The foxfire hits the orc but does no damage.
The orc is moderately wounded.
The orc closely misses you.
An orc comes into view. It is wielding a +0 flail.
Casting: Scorch (safe; 1% risk of failure)
Confirm with . or Enter, or press ? or * to list all spells.
Flames lash the orc.
You kill the orc!
Makhleb accepts your kill. The orc hits you but does no damage.
Casting: Scorch (safe; 1% risk of failure)
Confirm with . or Enter, or press ? or * to list all spells.
Flames lash the orc.
You kill the orc!
Makhleb accepts your kill.
The orc priest invokes the aid of Beogh against you.
Pain shoots through your body!
* * * LOW HITPOINT WARNING * * *
Casting: Scorch (safe; 1% risk of failure)
Confirm with . or Enter, or press ? or * to list all spells.
Flames lash the orc.
You kill the orc!
Makhleb accepts your kill.
* * * LOW HITPOINT WARNING * * *
An orc comes into view.
It is wielding a +0 dagger and wearing a +0 leather armour of poison resistance.
The orc priest calls down the wrath of Beogh upon you.
Beogh smites you!
You die...

#.# #.#.#.#. #.#
#o#.#o#.#. #.#
#o#5#.#.#.#.
#.#§#.#.#.#.#.#.
#o#.#.#.#.#.#.#.
#v#)#.#.#.#.#.#.#.
#.#v#o#§#.#.#.#.#.##
#.#.#§#)#.#.#.#.#.#.#
#.#.#.#.#@#.#.#.#.#.###
#.#.#.#.#.#.#.#.#.#.#..
#.#.#.#.#.#.#.#.#.#.#.##
.#.#.#.#.#.#.#.#.#.#.#.#
.#.~~~~~.#.#.#.#.#.#.##
.#~..~≈#.#.#.#.#.#.#.#
#.~~_≈~.#.#.#.#.#.#.###
#.~~~...#)#.#.#.#.#..
....~.#.#.#.#.#.#.######


You could see an orc priest and an orc.

Vanquished Creatures
  Grinder (D:5)
  Pargi (Sewer)
  A sky beast (D:5)
  3 scorpions
  2 hounds (D:5)
  A jelly (D:6)
  3 orc priests
  4 iguanas (D:5)
  8 orc wizards
  7 gnolls (D:4)
  10 adders
  2 ufetubi (D:6)
  6 worms
  A dart slug (D:2)
  16 orcs
  7 ball pythons
  10 bats
  7 endoplasms
  7 giant cockroaches
  4 goblins
  12 hobgoblins
  8 jackals
  8 kobolds
  4 quokkas
  4 frilled lizards
  8 rats
145 creatures vanquished.

Vanquished Creatures (others)
  593 foxfires
593 creatures vanquished.

Grand Total: 738 creatures vanquished

Notes
Turn   | Place    | Note
-------+----------+-------------------------------------------
     0 | D:1      | ImASeal the Djinni Fire Elementalist began the quest for
                  | the Orb.
     0 | D:1      | ImASeal set off with the following spells memorised:
                  | Foxfire, Scorch, Conjure Flame, Inner Flame, Flame Wave.
     0 | D:1      | Reached XP level 1. HP: 15/15 MP: 0/0
   279 | D:1      | Reached XP level 2. HP: 13/21 MP: 0/0
   646 | D:1      | Reached skill level 3 in Spellcasting
   707 | D:1      | Reached XP level 3. HP: 23/25 MP: 0/0
   707 | D:1      | Learned a level 1 spell: Magic Dart
  1603 | D:2      | Found a faded altar of an unknown god.
  1685 | D:2      | Reached XP level 4. HP: 28/31 MP: 0/0
  2689 | D:2      | Identified the +6 hand axe of Cuseorgh {vorpal, rElec}
  2999 | D:3      | Found a stormy altar of Qazlal.
  3001 | D:3      | Noticed a water elemental
  3004 | D:3      | Noticed an air elemental
  3004 | D:3      | Noticed a fire elemental
  3004 | D:3      | Noticed an earth elemental
  3059 | D:3      | Reached skill level 4 in Spellcasting
  3059 | D:3      | Reached XP level 5. HP: 27/35 MP: 0/0
  3059 | D:3      | Learned a level 2 spell: Static Discharge
  3941 | D:4      | Reached XP level 6. HP: 31/40 MP: 0/0
  4441 | D:4      | Found a hide-covered altar of Uskayaw.
  4568 | D:4      | Reached skill level 5 in Spellcasting
  5234 | D:4      | Reached XP level 7. HP: 38/45 MP: 0/0
  5234 | D:4      | Learned a level 3 spell: Confusing Touch
  5309 | D:5      | Entered Level 5 of the Dungeon
  5583 | D:5      | Noticed Grinder
  5583 | D:5      | Found a glowing drain.
  5594 | D:5      | Paralysed by Grinder for 4 turns
  5600 | D:5      | Killed Grinder
  5601 | D:5      | Reached skill level 6 in Spellcasting
  5898 | Sewer    | Entered a sewer
  6069 | Sewer    | Noticed Pargi
  6072 | Sewer    | Killed Pargi
  6073 | Sewer    | Reached XP level 8. HP: 47/50 MP: 0/0
  6483 | D:5      | Reached skill level 7 in Spellcasting
  6943 | D:5      | Found a snail-covered altar of Cheibriados.
  7156 | D:5      | Found a staircase to the Ecumenical Temple.
  7236 | Temple   | Entered the Ecumenical Temple
  7326 | Temple   | Became a worshipper of Makhleb the Destroyer
  7350 | D:5      | Found a glowing golden altar of the Shining One.
  7543 | D:5      | Identified a scroll of acquirement
  7568 | D:6      | Found a blossoming altar of Fedhas.
  7649 | D:6      | Killed from afar by an orc priest

Illustrated notes

Levels and vault maps discovered:
D:1:      minmay_arrival_wavy_path, layout_basic
D:2:      wander_river, layout_basic, ebering_ecumenical_altar_petrified
D:3:      layout_rooms, nicolae_qazlal_style_of_elements, grunt_decor_cap
D:4:      layout_cave_pools, nicolae_uskayaw_dance_hall
D:5:      wad_pebble_path, layout_cave_pools, overflow_temple_1_default,
          nicolae_overflow_hidden_temple, slow_altar_2,
          minmay_temple_entry_offerings, portal_sewer_entry_b,
          kennysheep_cross_room, uniq_grinder
D:6:      layout_basic, lemuel_crystal_altar, fedhas_altar_2,
          nicolae_ossuary_entry_catacombs, uniq_blork_the_orc
Temple:   corrupted_temple

Skill      XL: |  1  2  3  4  5  6  7  8 |
---------------+-------------------------+-----
Spellcasting   | 3 4 5 6 7 |  7.6
Stealth        | 2 3 |  3.1
Dodging        | 3 |  3.0
Fighting       | |  0.4
Throwing       | |  0.7

Action                   |  1- 3 |  4- 6 |  7- 9 || total
-------------------------+-------+-------+-------++-------
Melee: Quarterstaff      |       |     1 |       ||     1
Throw: Stone             |       |       |    12 ||    12
 Cast: Foxfire           |    68 |   159 |   120 ||   347
       Scorch            |     5 |    14 |    27 ||    46
  Use: Scroll            |       |       |     7 ||     7
Armor: Robe              |     3 |     6 |     6 ||    15
Dodge: Dodged            |     4 |    10 |     7 ||    21
